 Dungeon Crawl Stone Soup version 0.26.1-2-gb8aa6d0cf2 (webtiles) character file.

Game seed: 16535662984640768105

18441 MalarOregon the Slinger (level 12, -1/82 HPs)
             Began as a Halfling Arcane Marksman on Mar 28, 2021.
             Was a High Priest of Okawaru.
             Hit by a silver javelin thrown by a minotaur (3 damage)
             ... in a Gauntlet.
             The game lasted 00:50:28 (18086 turns).

MalarOregon the Slinger (Halfling Arcane Marksman) Turns: 18086, Time: 00:50:29

Health: -1/82      AC: 21    Str: 15    XL:     12   Next: 95%
Magic:  16/16      EV: 12    Int: 11    God:    Okawaru [*****.]
Gold:   161        SH:  0    Dex: 16    Spells: 10/13 levels left

rFire    + + +     SeeInvis .   a - +2 hunting sling (flame)
rCold    + . .     Faith    .   (shield restricted)
rNeg     . . .     Spirit   .   q - +4 fire dragon scales
rPois    +         Reflect  .   I - +0 helmet
rElec    +         Harm     .   D - +1 cloak
rCorr    +         Rampage  .   G - +2 pair of gloves
Will     +....     NoTele   +   (no boots)
Stlth    ..........             e - amulet of regeneration
HPRegen  0.63/turn              M - ring of willpower
MPRegen  0.15/turn              o - ring of protection from cold

@: resistant, flying, hasted, very quick
A: small, mutation resistance 1
a: Renounce Religion, Heroism, Finesse


You were in a Gauntlet.
You worshipped Okawaru.
Okawaru was extremely pleased with you.
You visited 3 branches of the dungeon, and saw 14 of its levels.
You also visited: Gauntlet.

You collected 881 gold pieces.
You spent 720 gold pieces at shops.

Inventory:

Hand Weapons
 a - a +2 hunting sling of flaming (weapon)
   (Okawaru gifted it to you in a Gauntlet)
 m - a +4 long sword of freezing
   (You took it off a wight on level 8 of the Dungeon)
 y - a +1 long sword of holy wrath
   (You found it on level 4 of the Dungeon)
Missiles
 g - 60 poisoned darts
 l - 281 stones
 E - 27 sling bullets (quivered ammo)
 T - 8 atropa-tipped darts
 U - 8 boomerangs
Armour
 q - +4 fire dragon scales (worn)
   (You bought it in a shop on level 10 of the Dungeon)
 D - a +1 cloak (worn)
   (You found it on level 2 of the Lair of Beasts)
 G - a +2 pair of gloves (worn)
   (You found it on level 2 of the Lair of Beasts)
 I - a +0 helmet (worn)
   (You found it on level 7 of the Dungeon)
Jewellery
 e - an amulet of regeneration (around neck)
   (You took it off an orc on level 8 of the Dungeon)
 i - an uncursed ring of flight
   (You found it on level 1 of the Dungeon)
 o - a ring of protection from cold (right hand)
   (You found it on level 2 of the Lair of Beasts)
 F - an uncursed ring of wizardry {unknown}
   (You found it in a Gauntlet)
 L - an uncursed amulet of magic regeneration {unknown}
   (You found it in a Gauntlet)
 M - a ring of willpower (left hand)
   (You found it on level 2 of the Dungeon)
Wands
 c - a wand of disintegration (26)
   (You found it on level 3 of the Dungeon)
 d - a wand of iceblast (6)
   (You found it on level 2 of the Lair of Beasts)
 t - a wand of flame (25)
   (You found it on level 2 of the Dungeon)
 x - a wand of acid (12)
   (You found it in a Gauntlet)
Scrolls
 b - 2 scrolls of fog
 f - 2 scrolls of teleportation {@r4}
 k - 8 scrolls of remove curse {@r2}
 r - 6 scrolls of amnesia
 v - a scroll of noise {!r}
 w - a scroll of blinking
 C - 2 scrolls of immolation {!r}
 K - 2 scrolls of magic mapping
 O - a scroll of silence
 P - a scroll of vulnerability {!r}
 Q - a scroll of holy word
 V - 2 scrolls of fear
Potions
 h - a potion of degeneration {unknown}
 j - 6 potions of curing {@q1}
 n - 2 potions of might {unknown}
 p - a potion of brilliance {unknown}
 s - 2 potions of haste {@q3}
 u - 3 potions of flight
 z - 2 potions of heal wounds {unknown}
 A - a potion of mutation {unknown}
 B - a potion of invisibility {unknown}
 H - a potion of resistance
 J - 3 potions of ambrosia {unknown}
 N - 2 potions of lignification {unknown}
 R - a potion of berserk rage {unknown}
Miscellaneous
 S - a condenser vane (inert)
   (You found it on level 1 of the Lair of Beasts)


   Skills:
 + Level 7.9 Fighting
 + Level 14.3 Slings
 + Level 7.9 Armour
 - Level 2.1 Dodging
 - Level 1.0 Spellcasting
 + Level 6.1 Hexes
 + Level 9.9 Translocations
 + Level 5.8 Invocations
 + Level 5.2 Evocations


You had 10 spell levels left.
You knew the following spells:

 Your Spells              Type           Power        Failure   Level
d - Portal Projectile     Hex/Tloc       36%          14%         3

Your spell library contained the following spells:

 Spells                   Type           Power        Failure   Level
 Gell's Gravitas          Tloc           11%          7%          3
 Corona                   Hex            15%          11%         1
 Slow                     Hex            14%          16%         2
 Confusing Touch          Hex            14%          32%         3
 Cause Fear               Hex            7%           71%         4
 Inner Flame              Hex/Fire       7%           75%         3
 Foxfire                  Conj/Fire      0%           78%         1
 Conjure Flame            Conj/Fire      0%           98%         3
 Leda's Liquefaction      Hex/Erth       3%           98%         4
 Petrify                  Tmut/Erth      0%           100%        4
 Sticky Flame             Conj/Fire      0%           100%        4
 Fireball                 Conj/Fire      0%           100%        5
 Metabolic Englaciation   Hex/Ice        3%           100%        5
 Yara's Violent Unravell  Hex/Tmut       3%           100%        5


Dungeon Overview and Level Annotations

Branches:
Dungeon (10/15)            Temple (1/1) D:7            Lair (3/6) D:9
 Shoals (0/4) Lair:2        Snake (0/4) Lair:2          Orc (0/2) D:10
Gauntlet (1/1)

Altars:
Ashenzari
Cheibriados
Dithmenos
Elyvilon
Fedhas
Gozag
Hepliaklqana
Kikubaaqudgha
Makhleb
Nemelex Xobeh
Okawaru
Qazlal
Ru
Sif Muna
Trog
Uskayaw
Vehumet
Wu Jian
Xom
Yredelemnul
Zin
The Shining One

Shops:
D:10 [}[

Annotations:
Lair:1 2 transporters, sixsigma's ghost, journeyman GnCj Gauntlet 8 transporters


Innate Abilities, Weirdness & Mutations

You are small and have problems with some larger weapons.
You are somewhat resistant to further mutation.


Message History

Throw: 65 darts (poison)
Aim: a minotaur, wielding a +1 executioner's axe of flaming, wearing a +0 chain mail and quivering 17 silver javelins (lightly wounded, covered in acid, 76% to hit)
You throw a poisoned dart.
The poisoned dart barely misses the minotaur.
Throw: 64 darts (poison)
Aim: a minotaur, wielding a +1 executioner's axe of flaming, wearing a +0 chain mail and quivering 17 silver javelins (lightly wounded, covered in acid, 76% to hit)
You throw a poisoned dart. The poisoned dart hits the minotaur!
The minotaur is poisoned.
Throw: 63 darts (poison)
Aim: a minotaur, wielding a +1 executioner's axe of flaming, wearing a +0 chain mail and quivering 17 silver javelins (lightly wounded, very poisoned, covered in acid, 76% to hit)
You throw a poisoned dart.
The poisoned dart barely misses the minotaur.
Throw: 62 darts (poison)
Aim: a minotaur, wielding a +1 executioner's axe of flaming, wearing a +0 chain mail and quivering 17 silver javelins (lightly wounded, very poisoned, covered in acid, 76% to hit)
You throw a poisoned dart.
The poisoned dart closely misses the minotaur.
The minotaur hits you with a +1 executioner's axe of flaming!!
The minotaur burns you.
The minotaur gores you but does no damage.
Throw: 61 darts (poison)
Aim: a minotaur, wielding a +1 executioner's axe of flaming, wearing a +0 chain mail and quivering 17 silver javelins (lightly wounded, very poisoned, covered in acid, 76% to hit)
You throw a poisoned dart. The poisoned dart hits the minotaur.
The minotaur looks even sicker.
Fire: 28 sling bullets
Aim: a minotaur, wielding a +1 executioner's axe of flaming, wearing a +0 chain mail and quivering 17 silver javelins (lightly wounded, very poisoned, covered in acid, 79% to hit)
You shoot a sling bullet. The sling bullet hits the minotaur.
The sling bullet burns the minotaur.
The minotaur hits you with a +1 executioner's axe of flaming!!
* * * LOW HITPOINT WARNING * * *
The minotaur burns you.
* * * LOW HITPOINT WARNING * * *
The minotaur gores you!
* * * LOW HITPOINT WARNING * * *
The minotaur is no longer covered in acid.
Okay, then.
It was a potion of resistance.
You feel protected.
The minotaur throws a silver javelin.
The silver javelin closely misses you.
It was a potion of flight.
You feel very buoyant.
You fly up into the air.
The minotaur throws a silver javelin.
The silver javelin misses you.
It was a potion of haste.
You feel yourself speed up.
The minotaur throws a silver javelin.
The silver javelin pierces through you but does no damage.
* * * LOW HITPOINT WARNING * * *
It was a potion of curing.
You feel better.
The minotaur throws a silver javelin.
The silver javelin pierces through you!
* * * LOW HITPOINT WARNING * * *
You die...

#.###..#####
#..##.......
#...#..##### ##########
#...#..#YY.Y #........#
#.©.#8.#Y##.
#.######.####...#..##..#
#.# #.#....©.#∩.#©##©
#.#(####.#.##...#..##..#
#.#((H(@(#.##.©.#8.#.##.
#.########.##...#..#)...
#..........##...#..#####
#############..##.......
#.###..#####
####≈..#.... ##..#.###
#≈..#^..^ ##..####©


You could see a minotaur (very poisoned).

Vanquished Creatures
  A boulder beetle (D:8)
  2 hydras
  3 death yaks
  Urug (Lair:2)
  2 fire crabs (Gauntlet)
  An unseen horror (D:10)
  A sea snake (shapeshifter) (Gauntlet)
  A lindwurm (shapeshifter) (Gauntlet)
  A guardian serpent (Lair:2)
  A cane toad (Lair:1)
  6 komodo dragons
  2 trolls
  Prince Ribbit (D:5)
  A wyvern (Lair:2)
  2 basilisks
  11 yaks
  7 fire bats (Gauntlet)
  A golden eye (shapeshifter) (Gauntlet)
  2 steam dragons (D:7)
  5 water moccasins
  A water moccasin (shapeshifter) (Gauntlet)
  4 ice beasts
  4 sky beasts (D:7)
  3 orc warriors
  4 ogres
  A hornet zombie (D:10)
  2 necrophages
  3 phantoms
  6 centaurs
  2 big kobolds (D:7)
  3 bullfrogs
  A wyvern skeleton (D:9)
  3 wights (D:8)
  4 howler monkeys
  A bullfrog zombie (D:9)
  A quasit (D:8)
  9 orc priests
  7 hounds
  A jelly (D:8)
  18 orc wizards
  An iguana (D:5)
  3 hell rats
  5 worker ants
  A hound skeleton (D:7)
  3 gnolls (D:4)
  8 adders
  A river rat (D:9)
  A shadow imp (D:5)
  A white imp (D:5)
  3 ufetubi
  4 oozes
  An adder skeleton (D:4)
  3 worms
  A dart slug (D:2)
  4 leopard geckos
  70 orcs
  A ball python (D:2)
  8 giant cockroaches
  2 gnoll zombies (D:2)
  9 goblins
  6 hobgoblins
  17 jackals
  20 kobolds
  7 quokkas
  12 bats
  3 frilled lizards
  A quokka zombie (D:8)
  14 rats
340 creatures vanquished.

Vanquished Creatures (others)
  A bush (Lair:1)
  10 fungi
  21 plants
32 creatures vanquished.

Grand Total: 372 creatures vanquished

Notes
Turn   | Place    | Note
-------+----------+-------------------------------------------
     0 | D:1      | MalarOregon the Halfling Arcane Marksman began the quest
                  | for the Orb.
     0 | D:1      | Reached XP level 1. HP: 12/12 MP: 2/2
    41 | D:1      | Found a broken altar of Ashenzari.
    46 | D:1      | Reached skill level 1 in Fighting
    85 | D:1      | Reached XP level 2. HP: 18/18 MP: 3/3
   377 | D:1      | Reached XP level 3. HP: 23/23 MP: 4/4
   383 | D:1      | Reached skill level 1 in Armour
   383 | D:1      | Reached skill level 1 in Translocations
   408 | D:1      | Reached skill level 4 in Slings
  1082 | D:2      | Reached XP level 4. HP: 28/28 MP: 5/5
  1988 | D:2      | Found a basalt altar of Yredelemnul.
  2128 | D:3      | Found a radiant altar of Vehumet.
  2146 | D:3      | Reached XP level 5. HP: 34/34 MP: 6/6
  2263 | D:3      | Found a white marble altar of Elyvilon.
  2284 | D:3      | Reached skill level 5 in Slings
  3325 | D:3      | Reached XP level 6. HP: 39/39 MP: 7/7
  3411 | D:3      | Found a glowing silver altar of Zin.
  3411 | D:3      | Found a shimmering blue altar of Sif Muna.
  3665 | D:4      | Noticed a phantom
  3695 | D:4      | Killed a phantom
  3696 | D:4      | Reached skill level 6 in Slings
  4013 | D:4      | Reached XP level 7. HP: 43/45 MP: 8/8
  4108 | D:4      | Reached skill level 7 in Slings
  4150 | D:4      | Found a bloodstained altar of Trog.
  4340 | D:4      | Found a sacrificial altar of Ru.
  4489 | D:4      | Found a glowing golden altar of the Shining One.
  4718 | D:4      | Reached skill level 8 in Slings
  4718 | D:4      | Reached XP level 8. HP: 52/52 MP: 9/9
  4783 | D:5      | Entered Level 5 of the Dungeon
  5115 | D:5      | Learned a level 3 spell: Portal Projectile
  5735 | D:5      | Found a snail-covered altar of Cheibriados.
  5919 | D:5      | Reached skill level 5 in Translocations
  6131 | D:6      | Noticed Prince Ribbit
  6369 | D:5      | Killed Prince Ribbit
  6370 | D:5      | Reached skill level 5 in Armour
  6370 | D:5      | Reached XP level 9. HP: 38/59 MP: 10/10
  6535 | D:6      | Reached skill level 9 in Slings
  6778 | D:6      | Reached skill level 5 in Fighting
  6840 | D:6      | Found an ornate altar of the Wu Jian Council.
  7588 | D:7      | Reached skill level 10 in Slings
  8167 | D:7      | Reached XP level 10. HP: 44/68 MP: 11/11
  8567 | D:7      | Reached skill level 11 in Slings
  8714 | D:7      | Found a staircase to the Ecumenical Temple.
  8766 | Temple   | Entered the Ecumenical Temple
  8854 | Temple   | Became a worshipper of Warmaster Okawaru
  9384 | D:8      | Noticed a boulder beetle
  9402 | D:8      | Killed a boulder beetle
  9403 | D:8      | Reached skill level 12 in Slings
 10040 | D:8      | Found a shimmering altar of Xom.
 10177 | D:9      | Reached * piety under Okawaru
 10426 | D:9      | Found a staircase to the Lair.
 10429 | D:9      | Noticed a death yak
 10431 | D:9      | Noticed a death yak
 10432 | D:9      | Noticed a death yak
 10689 | D:8      | Reached skill level 1 in Invocations
 10938 | D:8      | Killed a death yak
 10938 | D:8      | Reached ** piety under Okawaru
 10939 | D:8      | Reached skill level 1 in Evocations
 11456 | D:8      | Found a shimmering altar of Xom.
 11630 | D:9      | Found a white marble altar of Elyvilon.
 11849 | D:9      | Reached XP level 11. HP: 32/72 MP: 12/12
 11998 | D:9      | Killed a death yak
 12133 | D:9      | Killed a death yak
 12134 | D:9      | Reached skill level 13 in Slings
 12458 | D:9      | Found a blossoming altar of Fedhas.
 12458 | D:9      | Found an opulent altar of Gozag.
 12458 | D:9      | Found a shadowy altar of Dithmenos.
 12931 | D:10     | Entered Level 10 of the Dungeon
 13037 | D:10     | Found Zuogal's Gadget Shop.
 13074 | D:10     | Reached *** piety under Okawaru
 13082 | D:10     | Found Lavoh's Armour Emporium.
 13183 | D:10     | Killed an unseen horror
 13382 | D:10     | Found a staircase to the Orcish Mines.
 13425 | D:10     | Reached skill level 5 in Hexes
 13450 | D:10     | Found a sparkling altar of Nemelex Xobeh.
 13623 | D:10     | Found Kuroful's Armour Shop.
 13865 | Lair:1   | Entered Level 1 of the Lair of Beasts
 13992 | Lair:1   | Noticed a six-headed hydra
 14000 | Lair:1   | Noticed a moth of wrath
 14001 | Lair:1   | Found a transporter.
 14029 | Lair:1   | Found a transporter.
 14305 | Lair:1   | Reached **** piety under Okawaru
 14795 | Lair:1   | Noticed a seven-headed hydra
 15104 | Lair:1   | Noticed a moth of wrath
 15147 | D:9      | Killed a seven-headed hydra
 15147 | D:9      | Received a gift from Okawaru
 15148 | D:9      | Reached XP level 12. HP: 32/81 MP: 15/15
 15268 | Lair:1   | Noticed sixsigma's ghost (journeyman GnCj)
 15662 | Lair:2   | Noticed a seven-headed hydra
 15669 | Lair:2   | Killed a seven-headed hydra
 15669 | Lair:2   | Reached ***** piety under Okawaru
 15835 | Lair:2   | Found a staircase to the Snake Pit.
 15836 | Lair:2   | Noticed Urug
 16091 | D:10     | Bought +0 fire dragon scales for 720 gold pieces
 16741 | Lair:2   | Killed Urug
 16741 | Lair:2   | Received a gift from Okawaru
 16742 | Lair:2   | Reached skill level 5 in Invocations
 16928 | Lair:2   | Reached skill level 14 in Slings
 17174 | Lair:2   | Found a staircase to the Shoals.
 17578 | Lair:3   | Found a gate leading to a gauntlet.
 17587 | Gauntlet | Entered a Gauntlet
 17587 | Gauntlet | Found a transporter.
 17587 | Gauntlet | Found a transporter.
 17593 | Gauntlet | Found a transporter.
 17596 | Gauntlet | Noticed a queen ant
 17605 | Gauntlet | Found a transporter.
 17623 | Gauntlet | Found a transporter.
 17623 | Gauntlet | Found a transporter.
 17625 | Gauntlet | Found a transporter.
 17625 | Gauntlet | Found a transporter.
 17626 | Gauntlet | Found a transporter.
 17628 | Gauntlet | Noticed a sea snake
 17630 | Gauntlet | Noticed a swamp dragon
 17630 | Gauntlet | a sea snake changed into a swamp dragon
 17633 | Gauntlet | a swamp dragon changed into a swamp worm
 17645 | Gauntlet | Found a transporter.
 17653 | Gauntlet | Found a transporter.
 17656 | Gauntlet | Noticed a death yak
 17657 | Gauntlet | Noticed a death yak
 17658 | Gauntlet | Noticed a death yak
 17658 | Gauntlet | Noticed a death yak
 17658 | Gauntlet | Noticed a death yak
 17661 | Gauntlet | Noticed a death yak
 17666 | Gauntlet | Noticed a death drake
 17668 | Gauntlet | Found a transporter.
 17677 | Gauntlet | Found a transporter.
 17701 | Gauntlet | Noticed a fire crab
 17709 | Gauntlet | Found a transporter.
 17710 | Gauntlet | Noticed a fire crab
 17738 | Gauntlet | Received a gift from Okawaru
 17741 | Gauntlet | Killed a fire crab
 17793 | Gauntlet | Killed a fire crab
 17794 | Gauntlet | Reached skill level 5 in Evocations
 17840 | Gauntlet | Noticed a sea snake
 17840 | Gauntlet | a torpor snail changed into a sea snake
 17870 | Gauntlet | Noticed a sea snake
 17870 | Gauntlet | a floating eye changed into a sea snake
 17873 | Gauntlet | a sea snake changed into a faun
 17906 | Gauntlet | Noticed a glowing orange brain
 17920 | Gauntlet | Killed a sea snake
 17925 | Gauntlet | a glowing orange brain changed into a lindwurm
 17967 | Gauntlet | Got a glimmering helmet
 17980 | Gauntlet | Identified the +1 helmet of Midwinter {-Cast Harm Will+
                  | Regen+} (You found it in a Gauntlet)
 18073 | Gauntlet | Noticed a minotaur
 18086 | Gauntlet | HP: 2/82 [minotaur/silver javelin (12)]
 18086 | Gauntlet | Hit by a silver javelin thrown by a minotaur

Illustrated notes

Levels and vault maps discovered:
D:1:      dpeg_arrival_tiny_i, layout_loops_cross,
          chequers_serial_rivers_small_a, ashenzari_altar_1
D:2:      layout_loops_cross, lemuel_zombie_altar_yredelemnul, minivault_11
D:3:      minmay_spotlight, layout_basic, elyvilon_altar_1,
          nicolae_overflow_crystal_walls, gammafunk_temple_overflow_elements,
          minmay_crystal_water
D:4:      layout_basic, overflow_temple_1_default, kennysheep_mini_moat,
          marbit_many_paths
D:5:      layout_basic, cheibriados_altar_1
D:6:      layout_gridville, general_overflow_altar, uniq_prince_ribbit1
D:7:      layout_loops_ring, minmay_temple_entry_trees, hangedman_misty_isle
D:8:      layout_basic, kennysheep_little_box
D:9:      layout_cave_pods, gammafunk_temple_overflow_claw, dpeg_lair_monsters,
          serial_park_tiny_pond, lemuel_tele_altar
D:10:     layout_rooms, hiddenorc2_lemuel, serial_shops, shop,
          nicolae_shop_statue_plus, shop, nemelex_xobeh_ov_fountains_minmay
Temple:   dpeg_three_leaves_temple
Lair:1:   layout_regular_city, gammafunk_ghost_berserking_beasts
Lair:2:   layout_gridlike, minmay_shoals_entry_centaurs,
          minmay_snake_entry_spellcaster, uniq_urug
Lair:3:   layout_regular_city, gauntlet_entry_generic, columned_hall_lemuel,
          kennysheep_rathole, grunt_megastairs_3, infiniplex_staircase_pool
Gauntlet: gammafunk_gauntlet_mixed_choke_point
          [minmay_gauntlet_arena_77_terracotta_army,
          minmay_gauntlet_arena_77_tiled_triplets,
          minmay_gauntlet_arena_77_museum,
          gammafunk_gauntlet_arena_split_diamond,
          minmay_gauntlet_arena_77_radiant_squares,
          minmay_gauntlet_arena_77_braids, minmay_gauntlet_arena_77_two_lines,
          gauntlet_exit_spiral]

Skill      XL: |  1  2  3  4  5  6  7  8  9 10 11 12 |
---------------+-------------------------------------+-----
Fighting       | 1 2 3 4 5 6 7 |  7.9
Armour         | 1 2 3 5 6 7 |  7.9
Translocations | 1 2 4 5 7 8 9 |  9.9
Slings         | 4 5 6 8 10 12 13 14 | 14.3
Hexes          | 3 4 5 6 |  6.1
Invocations    | 2 4 5 |  5.8
Evocations     | 1 3 5 |  5.2
Dodging        | |  2.1
Spellcasting   | |  1.0

Action                   |  1- 3 |  4- 6 |  7- 9 | 10-12 || total
-------------------------+-------+-------+-------+-------++-------
 Fire: Hunting sling     |    88 |   241 |   422 |   814 ||  1565
Throw: Dart              |    49 |    18 |    37 |   132 ||   236
       Boomerang         |       |       |       |    17 ||    17
Evoke: Wand              |       |       |     1 |    24 ||    25
       Condenser vane    |       |       |       |     1 ||     1
  Use: Scroll            |       |       |     4 |    19 ||    23
       Potion            |       |       |       |     4 ||     4
Armor: Robe              |     9 |       |       |       ||     9
       Plate armour      |     3 |    69 |   130 |   290 ||   492
       Fire dragon scale |       |       |       |    70 ||    70
Dodge: Dodged            |    46 |    21 |    75 |   215 ||   357
